 Dungeon Crawl Stone Soup version 0.28-a0-476-g0f06bd746f (webtiles) character file.

Game seed: 8478979181460055218

1 Squid the Chopper (level 1, -1/30 HPs)
             Began as a Hill Orc Berserker on Sept 16, 2021.
             Was a Follower of Trog.
             Slain by a kobold (3 damage)
             ... on level 1 of the Dungeon.
             The game lasted 00:00:40 (35 turns).

Squid the Chopper (Hill Orc Berserker)                Turns: 35, Time: 00:00:43

Health: -1/30      AC:  2    Str: 19    XL:     1   Next: 20%
Magic:  1/1        EV: 11    Int:  7    God:    Trog [*.....]
Gold:   18         SH:  0    Dex: 10    Spells: 0/0 levels left

rFire   . . .      SeeInvis .   a - +0 hand axe
rCold   . . .      Faith    .   (no shield)
rNeg    . . .      Spirit   .   b - +0 animal skin
rPois   .          Reflect  .   (no helmet)
rElec   .          Harm     .   (no cloak)
rCorr   .          Rampage  .   (no gloves)
Will    .....                   (no boots)
Stlth   ..........              (no amulet)
HPRegen 0.10/turn               (no ring)
MPRegen 0.07/turn               (no ring)

@: berserking, very quick
A: no striking features
a: Renounce Religion, Berserk


You were on level 1 of the Dungeon.
You worshipped Trog.
Trog was aware of your devotion.
You visited 1 branch of the dungeon, and saw 1 of its levels.

You collected 18 gold pieces.

Inventory:

Hand Weapons
 a - a +0 hand axe (weapon)
Armour
 b - a +0 animal skin (worn)


   Skills:
 + Level 3.6 Fighting
 + Level 4.0 Axes
 + Level 2.2 Armour
 - Level 1.5 Dodging


You couldn't memorise any spells.
You didn't know any spells.
Your spell library was empty.

Dungeon Overview and Level Annotations

Branches:
Dungeon (1/15)

Altars:


Message History

The ball python constricts you. The ball python bites you.
The ball python constricts you.
You hit the ball python but do no damage.
The ball python barely misses you. The ball python constricts you.
You barely miss the ball python.
The ball python bites you but does no damage.
The ball python constricts you.
You hit the ball python.
The ball python is moderately wounded.
The ball python bites you but does no damage.
The ball python constricts you. The ball python bites you.
The ball python constricts you.
You hit the ball python.
You kill the ball python!
Trog accepts your kill.
A kobold comes into view. It is wielding a +3 whip.
Found 11 gold pieces.
The kobold shouts!
A kobold is nearby!
A frilled lizard comes into view.
The kobold hits you with a +3 whip.
A kobold comes into view. It is wielding a +0 dagger.
The frilled lizard hisses angrily.
The kobold shouts!
The kobold hits you with a +3 whip.
You hit the kobold but do no damage. The kobold hits you with a +3 whip.
* * * LOW HITPOINT WARNING * * *
You barely miss the kobold.
A quokka comes into view.
The kobold completely misses you.
A red film seems to cover your vision as you go berserk!
You feel yourself moving faster!
You feel mighty! The kobold hits you with a +3 whip.
* * * LOW HITPOINT WARNING * * *
You hit the kobold.
The kobold is severely wounded.
You hit the frilled lizard.
You kill the frilled lizard!
Trog accepts your kill. The kobold hits you with a +3 whip.
You die...

#.......#.....#...
#.(...##.#...#.##.
##...##..#.#.#.#..
######...#...#.#.#.#.#..
........)...#.. . . ..#.
......#....#..# . . ..#
#.........#...#.. .. ...
..#..........#. #
#...K@.......
#.....†.......
...............
.##......$K....
#####........ #........
#......r. .........


You could see a quokka and 2 kobolds.

Vanquished Creatures
  A ball python (D:1)
  A frilled lizard (D:1)
2 creatures vanquished.

Notes
Turn   | Place    | Note
-------+----------+-------------------------------------------
     0 | D:1      | Squid the Hill Orc Berserker began the quest for the Orb.
     0 | D:1      | Reached XP level 1. HP: 19/19 MP: 1/1
    35 | D:1      | Slain by a kobold

Illustrated notes

Levels and vault maps discovered:
D:1:      minmay_arrival_radiant_lines, layout_rooms

Action                   || total
-------------------------++-------
Melee: Hand axe          ||     7
Invok: Berserk           ||     1
Armor: Animal skin       ||     2
Dodge: Dodged            ||     3

Table legend: (Time is in decaauts)
 A = Elapsed time spent in this place.
 B = Non-inter-level travel time spent in this place.
 C = Inter-level travel time spent in this place.
 D = Time resting spent in this place.
 E = Time spent auto-exploring this place.
 F = Levels seen in this place.
 G = Mean time per level.
                   A        B        C        D        E       F      G
               +--------+--------+--------+--------+--------+-----+--------+
         Total |     35 |     35 |      0 |      0 |     16 |   1 |   35.0 |
       Dungeon |     35 |     35 |      0 |      0 |     16 |   1 |   35.0 |
               +--------+--------+--------+--------+--------+-----+--------+

Top non-repeatable levels by time:
     D:1: 35 daAuts
